 Dungeon Crawl Stone Soup version 0.20.1-1-g8b1a95d66d (webtiles) character file.

387 Jynx the Changer (level 6, -1/44 HPs)
             Began as a Merfolk Transmuter on Jan 1, 2018.
             Slain by an orc priest
             ... wielding a +0 mace
              (9 damage)
             ... on level 4 of the Dungeon.
             The game lasted 00:08:01 (5359 turns).

Jynx the Changer (Merfolk Transmuter)               Turns: 5359, Time: 00:08:02

Health: -1/44      AC:  5    Str: 10    XL:     6   Next: 78%
Magic:  11/11      EV: 13    Int: 13    God:
Gold:   239        SH:  0    Dex: 16    Spells: 0/11 levels left

rFire    . . .     SeeInvis .     - Unarmed
rCold    . . .     Gourm    .   (no shield)
rNeg     . . .     Faith    .   b - +0 robe
rPois    .         Spirit   .   (no helmet)
rElec    .         Reflect  .   (no cloak)
rCorr    .         Harm     .   u - +0 pair of gloves
MR       .....                  j - +0 pair of boots
Stlth    +.........             (no amulet)
Regen    0.2/turn               m - +1 ring of protection
MPRegen  0.2/turn               (no ring)

@: appendage
A: change form in water, swift swim, stealthy swim, horns 2
a: End Transformation


You were on level 4 of the Dungeon.
You were not hungry.
You had grown temporary horns.
You visited 1 branch of the dungeon, and saw 4 of its levels.

You collected 239 gold pieces.

Inventory:

Missiles
 s - 24 arrows
Armour
 b - a +0 robe (worn)
 j - a +0 pair of boots (worn)
 u - a +0 pair of gloves (worn)
Jewellery
 m - a +1 ring of protection (left hand)
Wands
 t - a wand of flame (20/48)
Scrolls
 a - a scroll of blinking
 f - 2 scrolls of teleportation
 n - 3 scrolls of remove curse
Potions
 e - 2 potions of heal wounds {unknown}
 g - a potion of magic {unknown}
 h - 2 potions of resistance {unknown}
 k - 2 potions of degeneration {unknown}
 l - a potion of mutation {unknown}
 o - a potion of flight {unknown}
 p - 2 potions of cancellation {unknown}
 r - 3 potions of curing {unknown}
Books
 c - a book of Changes

   Spells                             Type                      Level
   a - Beastly Appendage              Transmutation                1
   b - Sticks to Snakes               Transmutation                2
   c - Spider Form                    Transmutation/Poison         3
   d - Ice Form                       Ice/Transmutation            4
   e - Blade Hands                    Transmutation                5
Comestibles
 d - 4 bread rations
 i - 3 royal jellies
 q - 2 chunks of flesh


   Skills:
 - Level 2.0 Fighting
 - Level 2.6 Dodging
 + Level 4.7 Unarmed Combat
 + Level 3.4 Spellcasting
 * Level 6.4 Transmutations
 + Level 1.3 Poison Magic


You couldn't memorise any spells.
You knew the following spells:

 Your Spells              Type           Power        Failure   Level  Hunger
a - Beastly Appendage     Tmut           ###...       1%          1    #......
b - Sticks to Snakes      Tmut           ###.....     2%          2    ##.....
c - Spider Form           Tmut/Pois      ##........   13%         3    ###....
d - Blade Hands           Tmut           ###.......   41%         5    ######.


Dungeon Overview and Level Annotations

Branches:
Dungeon (4/15)
 Temple: D:4-7

Altars:
Trog
Uskayaw


Innate Abilities, Weirdness & Mutations

You revert to your normal form in water.
You are very nimble and swift while swimming.
You are very stealthy in the water. (Stealth+)
You have a pair of horns on your head.


Message History

The orc priest closely misses you.
You hit the orc priest.
The orc priest is almost dead.
The orc priest miscasts a cantrip.
The orc priest hits you with a flail.
You hit the orc priest.
You kill the orc priest!
The orc priest hits you with a mace.
You closely miss the orc priest. The orc priest hits you with a mace!
You hit the orc priest.
The orc priest is moderately wounded.
You closely miss the orc priest.
The orc priest is moderately wounded.
The orc priest invokes the aid of Beogh against you.
Pain shoots through your body!
* * * LOW HITPOINT WARNING * * *
You hit the orc priest but do no damage.
The orc priest is moderately wounded.
The orc priest hits you with a mace!
You die...

#.###...............#.##....#.#
#..##).÷.....#.###.##.####†##.#
...........[.......>#.........#
#..##..........###.#######.####
#...###.............#.####.#
#.#.###.#.########.........#
..#..##.#........##.########*****
.....##........(###........,,,,,,
......###.####.)@o#########******
....#.###.# ##)#.#...#
....#..##.# #<.#.#.#.######*****
....##.##.# #..#...........,,,,,
....##.##.# #..###.#...####*****
....##.##.# #..#*#.#.?....#***
....##..#.# #..#.......o...,,*
(...###.#.####..#.#......#.#*,*
....# #.........#.####.o.#,#*,*


You could see an orc priest.

Vanquished Creatures
  3 orc priests
  A hound (D:3)
  An iguana (D:4)
  A worker ant (D:4)
  2 gnolls (D:2)
  5 adders
  3 oozes
  3 worms
  4 leopard geckos
  8 orcs
  2 giant cockroaches (D:1)
  10 goblins
  11 hobgoblins
  5 jackals (D:2)
  6 kobolds
  2 quokkas
  7 bats
  5 frilled lizards
  9 rats
88 creatures vanquished.

Vanquished Creatures (collateral kills)
  Blork the orc (D:4)
  A gnoll (D:2)
  A worm (D:2)
3 creatures vanquished.

Grand Total: 91 creatures vanquished

Notes
Turn   | Place    | Note
-------+----------+-------------------------------------------
     0 | D:1      | Jynx the Merfolk Transmuter began the quest for the Orb.
     0 | D:1      | Reached XP level 1. HP: 15/15 MP: 3/3
    54 | D:1      | Reached skill level 3 in Transmutations
   500 | D:1      | Reached XP level 2. HP: 18/21 MP: 3/5
  1124 | D:2      | Learned a level 2 spell: Sticks to Snakes
  1504 | D:2      | Reached XP level 3. HP: 27/27 MP: 4/6
  1826 | D:2      | Reached skill level 4 in Transmutations
  2302 | D:2      | Reached XP level 4. HP: 32/33 MP: 2/7
  2980 | D:3      | Reached skill level 5 in Transmutations
  2980 | D:3      | Reached XP level 5. HP: 14/38 MP: 6/9
  4021 | D:3      | Found a bloodstained altar of Trog.
  4021 | D:3      | Found a hide-covered altar of Uskayaw.
  4179 | D:3      | Learned a level 3 spell: Spider Form
  4751 | D:4      | Reached XP level 6. HP: 37/44 MP: 10/10
  4992 | D:4      | Noticed Blork the orc
  5009 | D:4      | Killed Blork the orc
  5009 | D:4      | Reached skill level 6 in Transmutations
  5064 | D:4      | Learned a level 5 spell: Blade Hands
  5123 | D:4      | Reached skill level 1 in Poison Magic
  5359 | D:4      | Slain by an orc priest

Skill      XL: |  1  2  3  4  5  6 |
---------------+-------------------+-----
Transmutations | 3 4 5 6 |  6.4
Fighting       | 2 |  2.0
Unarmed Combat | 4 |  4.7
Spellcasting   | 3 |  3.4
Poison Magic   | 1 |  1.3
Dodging        | |  2.6

Action                   |  1- 3 |  4- 6 || total
-------------------------+-------+-------++-------
Melee: Unarmed           |   124 |   170 ||   294
       Headbutt          |    15 |    31 ||    46
       Punch             |     2 |     3 ||     5
       Tailslap          |     1 |       ||     1
 Cast: Beastly Appendage |    23 |    30 ||    53
       Sticks to Snakes  |     8 |     7 ||    15
  Use: Scroll            |     2 |     3 ||     5
 Stab: Sleeping          |     1 |     1 ||     2
       Distracted        |     1 |     1 ||     2
  Eat: Chunk             |     5 |    11 ||    16
Armor: Robe              |    13 |    49 ||    62
Dodge: Dodged            |    69 |   122 ||   191
